 Dungeon Crawl Stone Soup version 0.20.1-1-g8b1a95d (webtiles) character file.

887 VajrapaniSR the Cleaver (level 7, -2/64 HPs)
             Began as a Minotaur Berserker on July 3, 2017.
             Was a Believer of Trog.
             Succumbed to a gnoll's poison
             ... on level 5 of the Dungeon.
             The game lasted 00:07:25 (920 turns).

VajrapaniSR the Cleaver (Minotaur Berserker)         Turns: 920, Time: 00:07:25

Health: -2/64      AC:  6    Str: 24    XL:     7   Next: 77%
Magic:  6/6        EV: 10    Int:  4    God:    Trog [**....]
Gold:   52         SH:  0    Dex: 11    Spells: 6/6 levels left

rFire    . . .     SeeInvis .   a - +0 war axe
rCold    . . .     Gourm    .   (no shield)
rNeg     . . .     Faith    .   l - +0 scale mail
rPois    .         Spirit   .   (helmet restricted)
rElec    .         Reflect  .   (no cloak)
rCorr    .         Harm     .   (no gloves)
MR       +....                  (no boots)
Stlth    ..........             (no amulet)
Regen    0.2/turn               (no ring)
MPRegen  0.1/turn               (no ring)

@: lethally poisoned (-2 -> -43), berserk cooldown
A: retaliatory headbutt, horns 2, magic resistance 1, strong 1
a: Berserk, Trog's Hand, Burn Spellbooks, Renounce Religion


You were on level 5 of the Dungeon.
You worshipped Trog.
Trog was pleased with you.
You were near starving.

You visited 1 branch of the dungeon, and saw 5 of its levels.

You collected 52 gold pieces.

Inventory:

Hand Weapons
 a - a +0 war axe (weapon)
 b - a +2 dire flail of holy wrath
Armour
 l - a +0 scale mail (worn)
Scrolls
 d - 2 scrolls of blinking
 e - a scroll of enchant armour {unknown}
 j - 2 scrolls of identify {unknown}
Comestibles
 c - a bread ration
 h - 2 meat rations
 k - 7 chunks of flesh


   Skills:
 + Level 6.9 Fighting
 * Level 9.5 Axes
 - Level 2.4 Armour
 - Level 2.1 Dodging


You had 6 spell levels left.
You didn't know any spells.

Dungeon Overview and Level Annotations

Branches:
Dungeon (5/15)
 Temple: D:4-7

Altars:
Qazlal
Ru
The Shining One


Innate Abilities, Weirdness & Mutations

You reflexively headbutt those who attack you in melee.
You have a pair of horns on your head.
You are resistant to hostile enchantments. (MR+)
Your muscles are strong. (Str +2)


Message History

You feel sick. The ogre closely misses you. The gnoll completely misses you.
The gnoll hits you from afar with a spear of venom!
* * * LOW HITPOINT WARNING * * *
You are more poisoned.
You take 13 damage, and have 10/64 hp.
MASSIVE DAMAGE!!
You slash the ogre!
You kill the ogre!
Trog accepts your kill.
You hit the gnoll.
* * * LOW HITPOINT WARNING * * *
You feel very sick. The gnoll hits you but does no damage.
The gnoll barely misses you.
You take 4 damage, and have 6/64 hp.
You closely miss the gnoll.
* * * LOW HITPOINT WARNING * * *
You feel very sick. The gnoll barely misses you.
The gnoll hits you but does no damage.
You take 4 damage, and have 2/64 hp.
Unknown command.
You die...

g.....# ..... ...
#.# #.# # #g# #.
#g# #.#########.#
#.........@.#
##......####
+...>..+ #......#
## # +......+ ..#
.# . ###......#
#.##.#..
#........#
#.......
#.#......# #......
#+#...(..####.....


You could see 2 gnolls.

Vanquished Creatures
  Grinder (D:4)
  Edmund (D:5)
  An ogre (D:5)
  A centaur (D:5)
  The ghost of spinkules the Chopper, an amateur GrBe of Trog (D:3)
  A scorpion (D:4)
  2 howler monkeys
  A hound (D:3)
  A gnoll shaman (D:4)
  6 gnolls
  6 adders
  A shadow imp (D:5)
  A worm (D:3)
  A leopard gecko (D:4)
  An orc (D:3)
  A giant cockroach (D:3)
  2 hobgoblins (D:3)
  4 jackals
  4 kobolds
  A quokka (D:4)
  5 bats (D:3)
  3 rats (D:3)
46 creatures vanquished.

Vanquished Creatures (others)
  A plant (D:3)
1 creature vanquished.

Grand Total: 47 creatures vanquished

Notes
Turn   | Place    | Note
-------+----------+-------------------------------------------
     0 | D:1      | VajrapaniSR the Minotaur Berserker began the quest for the Orb.
     0 | D:1      | Reached XP level 1. HP: 19/19 MP: 0/0
   114 | D:3      | Noticed spinkules's ghost (amateur GrBe)
   116 | D:3      | Reached skill level 4 in Axes
   116 | D:3      | Reached XP level 2. HP: 27/27 MP: 1/1
   120 | D:3      | Killed spinkules's ghost
   120 | D:3      | Reached skill level 5 in Axes
   120 | D:3      | Reached XP level 3. HP: 34/34 MP: 2/2
   120 | D:3      | Reached XP level 4. HP: 41/41 MP: 3/3
   201 | D:4      | Noticed Grinder
   259 | D:4      | Paralysed by Grinder for 5 turns
   386 | D:3      | Found a sacrificial altar of Ru.
   386 | D:3      | Found a stormy altar of Qazlal.
   386 | D:3      | Found a glowing golden altar of the Shining One.
   432 | D:3      | Reached skill level 6 in Axes
   432 | D:3      | Reached XP level 5. HP: 32/47 MP: 4/4
   548 | D:4      | Paralysed by Grinder for 5 turns
   556 | D:4      | Killed Grinder
   556 | D:4      | Reached skill level 5 in Fighting
   556 | D:4      | Reached skill level 7 in Axes
   556 | D:4      | Reached XP level 6. HP: 56/56 MP: 5/5
   675 | D:4      | Reached ** piety under Trog
   677 | D:4      | Reached skill level 8 in Axes
   740 | D:5      | Entered Level 5 of the Dungeon
   762 | D:5      | Noticed Edmund
   766 | D:5      | Reached XP level 7. HP: 63/63 MP: 6/6
   772 | D:5      | Killed Edmund
   772 | D:5      | Reached skill level 9 in Axes
   915 | D:5      | Gained mutation: Your muscles are strong. (Str +2) [potion of mutation]
   915 | D:5      | Gained mutation: You are resistant to hostile enchantments. (MR+) [potion of mutation]
   915 | D:5      | HP: 1/64 [gnoll/spear of venom (4)]
   920 | D:5      | Succumbed to a gnoll's poison

Skill      XL: |  1  2  3  4  5  6  7 |
---------------+----------------------+-----
Axes           | 4 5 6 7 8 9 |  9.5
Fighting       | 4 5 6 |  6.9
Armour         | |  2.4
Dodging        | |  2.1

Action                   |  1- 3 |  4- 6 |  7- 9 || total
-------------------------+-------+-------+-------++-------
Melee: Hand axe          |     9 |    66 |       ||    75
       Headbutt          |     1 |    15 |     4 ||    20
       War axe           |       |    15 |    25 ||    40
Invok: Berserk           |     1 |     5 |     2 ||     8
       Trog's Hand       |       |       |     1 ||     1
  Use: Scroll            |       |     3 |       ||     3
       Potion            |       |     1 |     3 ||     4
  Eat: Chunk             |       |     4 |     2 ||     6
Armor: Animal skin       |     5 |     3 |       ||     8
       Leather armour    |       |     5 |       ||     5
       Skin              |       |     5 |       ||     5
       Ring mail         |       |    13 |       ||    13
       Scale mail        |       |       |     8 ||     8
Dodge: Dodged            |    13 |    51 |    22 ||    86
